 Dungeon Crawl Stone Soup version 0.27.1-34-g3ba077fa99 (webtiles) character file.

Game seed: 6106316619793236707

15392 boopmooplesden the Blocker (level 12, -1/100 (102) HPs)
             Began as a Minotaur Fighter on Jan 14, 2022.
             Was a High Priest of Okawaru.
             Slain by a basilisk (3 damage)
             ... while petrified by a basilisk
             ... on level 1 of the Lair of Beasts.
             The game lasted 00:18:04 (13808 turns).

boopmooplesden the Blocker (Minotaur Fighter)      Turns: 13808, Time: 00:18:05

HP:   -1/100 (102)  AC: 15    Str: 30    XL:     12   Next: 0%
MP:   9/11          EV:  2    Int:  5    God:    Okawaru [*****.]
Gold: 670           SH:  0    Dex: 19    Spells: 11/11 levels left

rFire    . . .     SeeInvis .   S - +11 spear of Qazlal's Benevolence {flame, Dex+7}
rCold    . . .     Faith    .   c - +3 kite shield
rNeg     + + +     Spirit   .   F - +2 steam dragon scales
rPois    ∞         Reflect  .   (helmet restricted)
rElec    .         Harm     .   d - +0 cloak {rPois}
rCorr    +         Rampage  .   P - +2 pair of gloves
Will     .....                  (no boots)
Stlth    ++++......             z - amulet of the acrobat
HPRegen  0.26/turn              u - +6 ring of strength
MPRegen  0.12/turn              e - ring of resist corrosion

@: petrified, heroic, lightly drained
A: horns 2, retaliatory headbutt
a: Renounce Religion, Heroism, Finesse


You were on level 1 of the Lair of Beasts.
You worshipped Okawaru.
Okawaru was extremely pleased with you.
You visited 3 branches of the dungeon, and saw 13 of its levels.

You collected 670 gold pieces.

Inventory:

Hand Weapons
 a - a +2 long sword of venom
 i - a +2 whip of holy wrath
 l - a +0 dagger
 J - a +0 whip of electrocution
 Q - the +8 short sword of Monar {speed, Dex+5}
   (You found it on level 8 of the Dungeon)

   Attacks with this weapon are significantly faster.
   Dex:       It affects your dexterity (+5).
 S - the +11 spear of Qazlal's Benevolence (weapon) {flame, Dex+7}
   (You took it off a gnoll on level 9 of the Dungeon)

   It burns those it strikes, dealing additional fire damage.
   Dex:       It affects your dexterity (+7).
Missiles
 h - 20 boomerangs (quivered)
 R - 5 boomerangs of dispersal
 V - 8 throwing nets
Armour
 b - a +0 scale mail
 c - a +3 kite shield (worn)
 d - a +0 cloak of poison resistance (worn)
 p - a +0 chain mail
 F - +2 steam dragon scales (worn)
 P - a +2 pair of gloves (worn)
Jewellery
 e - a ring of resist corrosion (right hand)
 f - a ring of willpower
 o - a ring of ice
 s - a ring of ice
 u - a +6 ring of strength (left hand)
 w - a ring of wizardry
 z - an amulet of the acrobat (around neck)
 C - a +6 ring of strength
 K - a ring of willpower
 O - an amulet of reflection
 X - an amulet of guardian spirit
Wands
 A - a wand of polymorph (11)
 E - a wand of digging (6)
 H - a wand of paralysis (9)
 W - a wand of flame (18)
Scrolls
 t - 5 scrolls of vulnerability
 v - a scroll of blinking
 x - 3 scrolls of amnesia
 y - 2 scrolls of immolation
 D - 8 scrolls of teleportation
 M - a scroll of enchant weapon
 T - 3 scrolls of brand weapon
 U - a scroll of fear {unknown}
Potions
 g - 5 potions of flight
 j - 2 potions of lignification
 k - 6 potions of curing
 m - 2 potions of berserk rage
 n - a potion of brilliance {unknown}
 q - 3 potions of might
 r - 2 potions of degeneration {unknown}
 B - 2 potions of heal wounds
 G - a potion of attraction {unknown}
 I - a potion of cancellation {unknown}
 L - a potion of magic
 N - a potion of ambrosia


   Skills:
 + Level 8.2(13.2) Fighting
 + Level 3.1(11.9) Short Blades
 + Level 10.5(15.8) Long Blades
 + Level 7.3(12.3) Polearms
 + Level 0.1(5.1) Throwing
 + Level 9.9(14.9) Armour
 + Level 7.6(12.6) Dodging
 + Level 3.3(8.3) Stealth
 + Level 12.4(17.4) Shields
 + Level 0.3 Invocations


You had 11 spell levels left.
You didn't know any spells.
Your spell library contained the following spells:

 Spells                   Type           Power      Damage    Failure   Level
 Beastly Appendage        Tmut           0%         N/A       47%         1
 Sandblast                Erth           0%         2d4       47%         1
 Ensorcelled Hibernation  Hex/Ice        0%         N/A       63%         2
 Passwall                 Tmut/Erth      0%         N/A       63%         2
 Slow                     Hex            0%         N/A       63%         2
 Wereblood                Tmut           0%         N/A       63%         2
 Confusing Touch          Hex            0%         N/A       85%         3
 Gell's Gravitas          Tloc           0%         N/A       85%         3
 Lesser Beckoning         Tloc           0%         N/A       85%         3
 Spider Form              Tmut/Pois      0%         N/A       85%         3
 Teleport Other           Tloc           0%         N/A       85%         3
 Vampiric Draining        Necr           0%         2d6       85%         3
 Hailstorm                Conj/Ice       0%         3d3       99%         4
 Ice Form                 Ice/Tmut       0%         N/A       99%         4
 Alistair's Intoxication  Tmut/Pois      0%         N/A       100%        5
 Borgnjor's Vile Clutch   Necr/Erth      0%         N/A       100%        5
 Lee's Rapid Deconstruct  Erth           0%         3d5*      100%        5
 Eringya's Noxious Bog    Tmut/Pois      0%         N/A       100%        6
 Shadow Creatures         Summ           N/A        N/A       100%        6
 Simulacrum               Ice/Necr       0%         N/A       100%        6


Dungeon Overview and Level Annotations

Branches:
Dungeon (11/15)            Temple (1/1) D:5            Lair (1/6) D:11
    Orc (0/2) D:10

Altars:
Ashenzari
Cheibriados
Dithmenos
Fedhas
Gozag
Hepliaklqana
Nemelex Xobeh
Okawaru
Sif Muna
Trog
Wu Jian
Xom

Shops:
D:5 ?   D:8 :   D:11 [

Annotations:
D:4 2 runed translucent doors


Innate Abilities, Weirdness & Mutations

You have a pair of horns on your head.
You reflexively headbutt those who attack you in melee.


Message History

Your base attributes are Str 22, Int 5, Dex 12.
Increase (S)trength, (I)ntelligence, or (D)exterity?
Uppercase letters only, please.
You feel stronger. x2
You puncture the basilisk! You burn the basilisk.
The basilisk is heavily wounded.
The basilisk barely misses you. The yak closely misses you.
You furiously retaliate!
You headbutt the yak, but do no damage.
You have turned to stone.
You hear the slow rumble of a very distant avalanche of rocks.
The yak gores you.
* * * LOW HITPOINT WARNING * * *
The basilisk bites you!
* * * LOW HITPOINT WARNING * * *
The yak gores you!
* * * LOW HITPOINT WARNING * * *
The yak gores you!
* * * LOW HITPOINT WARNING * * *
The basilisk bites you.
* * * LOW HITPOINT WARNING * * *
The yak gores you but does no damage. The yak gores you.
* * * LOW HITPOINT WARNING * * *
The basilisk bites you but does no damage.
The yak gores you but does no damage. The yak gores you but does no damage.
The basilisk gazes at you. The yak gores you but does no damage.
The yak gores you but does no damage. The basilisk gazes at you.
The yak gores you!
* * * LOW HITPOINT WARNING * * *
The yak gores you.
* * * LOW HITPOINT WARNING * * *
The basilisk bites you but does no damage.
The yak gores you but does no damage. The yak gores you.
* * * LOW HITPOINT WARNING * * *
The basilisk bites you!
You die...

...............
..............#
...............#
...............# #
...............##P#
...................
.........†YY.......
.......$Yl@.......
##.#....####.≈####
###......≈.≈.##
.###.#...≈≈≈≈≈≈≈.###
........≈≈≈≈≈≈≈≈≈...
.......≈≈≈≈≈≈≈≈≈≈≈..
........≈≈≈≈.≈≈≈≈...
###...#.≈≈≈.<.≈≈≈≈.#
#...#.≈†≈≈..≈≈≈.##


You could see 3 yaks and a basilisk.

Vanquished Creatures
  Nergalle (Lair:1)
  Pikel (D:7)
  2 ugly things
  A centaur zombie (D:11)
  Maggie (D:7)
  A komodo dragon (Lair:1)
  A kobold demonologist (D:11)
  2 trolls
  A hornet (D:8)
  3 wraiths (D:11)
  A shadow (D:10)
  4 wyverns
  24 yaks
  A steam dragon (D:7)
  6 water moccasins
  A hornet zombie (D:7)
  2 black bears (D:11)
  5 orc warriors
  An ice beast (D:6)
  4 sky beasts
  2 necrophages
  7 ogres
  5 centaurs
  2 lemures (D:7)
  7 kobold brigands
  4 bullfrogs
  6 scorpions
  5 gnoll sergeants
  3 wyvern skeletons
  2 water moccasin skeletons (D:6)
  9 killer bees
  8 wights
  7 howler monkeys
  Crazy Yiuf (D:2)
  10 orc priests
  A centaur skeleton (D:7)
  2 gnoll shamans (D:9)
  7 hounds
  3 iguanas
  10 orc wizards
  Natasha (twice) (D:2)
  2 killer bee zombies (D:8)
  A hound zombie (D:4)
  40 gnolls
  8 adders
  2 white imps
  An adder skeleton (D:4)
  3 dart slugs (D:4)
  43 orcs
  5 endoplasms
  3 giant cockroaches
  6 goblins
  11 hobgoblins
  6 jackals
  3 quokkas
  7 ball pythons
  10 bats
  4 frilled lizards (D:2)
  20 kobolds
  3 rats
344 creatures vanquished.

Vanquished Creatures (others)
  52 fungi
  45 plants (D:11)
97 creatures vanquished.

Grand Total: 441 creatures vanquished

Notes
Turn   | Place    | Note
-------+----------+-------------------------------------------
     0 | D:1      | boopmooplesden the Minotaur Fighter began the quest for the
                  | Orb.
     0 | D:1      | Reached XP level 1. HP: 19/19 MP: 0/0
   194 | D:1      | Reached XP level 2. HP: 9/27 MP: 1/1
   736 | D:1      | Reached skill level 4 in Shields
  1363 | D:2      | Reached XP level 3. HP: 31/33 MP: 2/2
  1583 | D:2      | Found a runed translucent door.
  1584 | D:2      | Noticed Crazy Yiuf
  1822 | D:2      | Noticed Natasha
  1825 | D:2      | Killed Natasha
  1826 | D:2      | Reached XP level 4. HP: 40/40 MP: 3/3
  2105 | D:2      | Noticed Natasha
  2113 | D:2      | Killed Natasha
  2323 | D:2      | Killed Crazy Yiuf
  2802 | D:3      | Reached XP level 5. HP: 46/46 MP: 4/4
  3005 | D:3      | Reached skill level 5 in Shields
  3041 | D:3      | Found a faded altar of an unknown god.
  3201 | D:3      | Reached skill level 5 in Armour
  3420 | D:4      | Reached skill level 1 in Dodging
  3420 | D:4      | Found a large runed translucent door.
  3420 | D:4      | Found a large runed translucent door.
  3670 | D:4      | Noticed a wyvern
  3678 | D:4      | Found a large runed translucent door.
  3678 | D:4      | Found a large runed translucent door.
  3707 | D:4      | Reached XP level 6. HP: 51/53 MP: 5/5
  4189 | D:4      | Reached skill level 5 in Long Blades
  4189 | D:4      | Reached XP level 7. HP: 52/60 MP: 6/6
  4364 | D:4      | Noticed a wyvern
  4371 | D:4      | Killed a wyvern
  4372 | D:4      | Reached skill level 6 in Shields
  4580 | D:4      | Killed a wyvern
  4581 | D:4      | Reached skill level 5 in Fighting
  4716 | D:5      | Entered Level 5 of the Dungeon
  4768 | D:5      | Reached XP level 8. HP: 66/68 MP: 7/7
  5311 | D:5      | Found a staircase to the Ecumenical Temple.
  5333 | Temple   | Entered the Ecumenical Temple
  5517 | Temple   | Became a worshipper of Warmaster Okawaru
  5576 | D:5      | Found Sianoamiqa's Magic Scroll Shop.
  6363 | D:6      | Reached skill level 7 in Shields
  6596 | D:6      | Reached * piety under Okawaru
  6823 | D:6      | Reached XP level 9. HP: 63/75 MP: 8/8
  7769 | D:7      | Reached ** piety under Okawaru
  7858 | D:7      | Reached skill level 8 in Shields
  8172 | D:7      | Noticed Maggie
  8200 | D:7      | Killed Maggie
  8201 | D:7      | Reached skill level 1 in Stealth
  8203 | D:7      | HP: 2/77 [wyvern skeleton (9)]
  8799 | D:7      | Reached skill level 9 in Shields
  8900 | D:7      | Reached *** piety under Okawaru
  8901 | D:7      | Reached XP level 10. HP: 83/84 MP: 9/9
  9024 | D:7      | Noticed Pikel
  9049 | D:7      | Killed Pikel
  9396 | D:8      | Reached skill level 10 in Long Blades
  9491 | D:8      | Reached skill level 5 in Dodging
  9586 | D:8      | Identified the +8 short sword of Monar {speed, Dex+5}
  9674 | D:8      | Found Epsil's Book Boutique.
 10012 | D:9      | Received a gift from Okawaru
 10071 | D:9      | Reached skill level 10 in Shields
 10073 | D:9      | Reached **** piety under Okawaru
 10074 | D:9      | Reached skill level 1 in Short Blades
 10080 | D:9      | Received a gift from Okawaru
 10273 | D:9      | Identified the +11 spear of Qazlal's Benevolence {flame,
                  | Dex+7}
 10450 | D:9      | Noticed a cyan ugly thing
 10460 | D:9      | Killed a cyan ugly thing
 10502 | D:9      | Reached skill level 1 in Polearms
 10640 | D:9      | Found a shadowy altar of Dithmenos.
 10912 | D:9      | Reached XP level 11. HP: 52/92 MP: 10/10
 11525 | D:10     | Entered Level 10 of the Dungeon
 11812 | D:10     | Reached skill level 11 in Shields
 12130 | D:10     | Found a staircase to the Orcish Mines.
 12147 | D:10     | Reached ***** piety under Okawaru
 12177 | D:10     | Reached skill level 5 in Polearms
 12604 | D:10     | Received a gift from Okawaru
 12817 | D:11     | Noticed a red ugly thing
 12826 | D:11     | Killed a red ugly thing
 12936 | D:11     | Found a staircase to the Lair.
 12987 | D:11     | Found Giecopn's Antique Armour Shop.
 13012 | D:11     | Reached skill level 12 in Shields
 13390 | D:11     | Received a gift from Okawaru
 13750 | Lair:1   | Entered Level 1 of the Lair of Beasts
 13760 | Lair:1   | Noticed Nergalle
 13794 | Lair:1   | Killed Nergalle
 13801 | Lair:1   | Reached XP level 12. HP: 29/100 MP: 8/11
 13806 | Lair:1   | HP: 3/100 [yak (6)]
 13808 | Lair:1   | Slain by a basilisk

Illustrated notes

Levels and vault maps discovered:
D:1:      dpeg_arrival_pits, layout_basic
D:2:      layout_basic, minmay_misc_feat_alley, uniq_natasha,
          uniq_crazy_yiuf_cottage
D:3:      layout_loops_cross, basic_ecumenical_altar, serial_glass,
          glass_columns_a, glass_columns_b
D:4:      layout_basic, minmay_hollow_rounded_squares
D:5:      layout_layer_cave, minmay_temple_entry_overgrown, serial_shops, shop
D:6:      layout_loops_corners, st_stairs_10, minmay_splitting_lines,
          chequers_serial_rivers_small_b
D:7:      layout_basic, uniq_pikel, uniq_maggie
D:8:      layout_loops_ring, serial_shops, shop
D:9:      layout_cave_pools, overflow_temple_1_default, serial_gnoll_camp,
          gnoll_camp_mini_hut, gnoll_camp_medium_01, gnoll_camp_mini_hut,
          gnoll_camp_mini_doghouse, gnoll_camp_mini_loothouse
D:10:     layout_basic, kennysheep_orc_monster_closet_entryway
D:11:     layout_loops_ring, due_lair_maze_entry_diamond, serial_shops, shop
Temple:   compressed_dpeg_circular_temple
Lair:1:   layout_long_grid, nicolae_volcano_entry_lava_flow, worms_lemuel,
          infiniplex_staircase_pool_2, uniq_nergalle

Skill      XL: |  1  2  3  4  5  6  7  8  9 10 11 |
---------------+----------------------------------+-----
Armour         | 4 5 6 7 8 9 |  9.9
Fighting       | 4 5 6 7 8 |  8.2
Shields        | 4 5 6 7 9 10 12 | 12.4
Long Blades    | 3 5 6 8 9 10 | 10.5
Dodging        | 1 2 3 4 5 7 |  7.6
Stealth        | 1 2 3 |  3.3
Short Blades   | 3 |  3.1
Polearms       | 2 7 |  7.3
Throwing       | |  0.1
Invocations    | |  0.3

Action                   |  1- 3 |  4- 6 |  7- 9 | 10-12 || total
-------------------------+-------+-------+-------+-------++-------
Melee: Long sword        |    92 |   152 |   279 |    61 ||   584
       Headbutt          |     8 |    16 |    70 |   136 ||   230
       Short sword       |       |       |       |    75 ||    75
       Spear             |       |       |       |   310 ||   310
Throw: Boomerang         |       |     3 |       |       ||     3
Invok: Heroism           |       |       |     1 |     6 ||     7
  Use: Potion            |       |     1 |       |       ||     1
       Scroll            |       |     7 |     7 |     7 ||    21
 Stab: Sleeping          |       |       |       |     5 ||     5
       Distracted        |       |       |       |     2 ||     2
Armor: Scale mail        |    58 |    44 |   120 |       ||   222
       Steam dragon scal |       |       |     3 |    91 ||    94
       Chain mail        |       |       |     1 |       ||     1
Dodge: Dodged            |    39 |    48 |   124 |   260 ||   471
Block: Kite shield       |    69 |   101 |   204 |   395 ||   769
       Rpst.: Long sword |    11 |    12 |    23 |     9 ||    55
